 Dungeon Crawl Stone Soup version 0.26-a0-812-g31a745ddcd (webtiles) character file.

Game seed: 5717376225975001607

44 graki42 the Caller (level 3, 13/19 HPs)
             Began as a Deep Elf Summoner on Nov 23, 2020.
             Quit the game on level 2 of the Dungeon.
             The game lasted 00:05:52 (2932 turns).

graki42 the Caller (Deep Elf Summoner)              Turns: 2932, Time: 00:05:53

Health: 13/19      AC:  2    Str:  6    XL:     3   Next: 41%
Magic:  7/10       EV: 13    Int: 19    God:
Gold:   51         SH:  0    Dex: 15    Spells: 6/9 levels left

rFire    . . .     SeeInvis .   j - +0 dagger
rCold    . . .     Faith    .   (no shield)
rNeg     . . .     Spirit   .   a - +0 robe
rPois    .         Reflect  .   (no helmet)
rElec    .         Harm     .   (no cloak)
rCorr    .         Rampage  .   (no gloves)
MR       .....                  (no boots)
Stlth    +.........             (no amulet)
HPRegen  0.06/turn              f - ring of attention (curse)
MPRegen  0.12/turn              (no ring)

@: attractive, hasted, very quick
A: no striking features
a: no special abilities


You were on level 2 of the Dungeon.
You visited 1 branch of the dungeon, and saw 2 of its levels.

You collected 51 gold pieces.

Inventory:

Hand Weapons
 j - a +0 dagger (weapon)
Armour
 a - a +0 robe (worn)
Jewellery
 f - a cursed ring of attention (left hand)
Scrolls
 c - a scroll of blinking {unknown}
 e - 2 scrolls of identify {unknown}
 g - 2 scrolls of remove curse {unknown}
 h - a scroll of magic mapping {unknown}
 i - 2 scrolls of enchant armour {unknown}


   Skills:
 + Level 0.2 Fighting
 + Level 0.6 Short Blades
 - Level 3.0 Dodging
 + Level 3.2 Stealth
 + Level 3.6 Spellcasting
 + Level 4.7 Summonings


You had 6 spell levels left.
You knew the following spells:

 Your Spells              Type           Power        Failure   Level
a - Summon Small Mammal   Summ           ###.         1%          1
b - Call Imp              Summ           ###.....     3%          2

Your spell library contained the following spells:

 Spells                   Type           Power        Failure   Level
 Call Canine Familiar     Summ           ###.....     6%          3
 Summon Guardian Golem    Hex/Summ       ##......     16%         3
 Summon Ice Beast         Ice/Summ       ##......     47%         4
 Summon Lightning Spire   Summ/Air       ##......     47%         4


Dungeon Overview and Level Annotations

Branches:
Dungeon (2/15)

Altars:


Message History

You miss the adder.
The adder is almost dead.
The adder closely misses you. The adder bites you.
You hit the adder but do no damage.
The adder is almost dead.
* * * LOW HITPOINT WARNING * * *
You feel sick.
Your crimson imp blinks!
Your white imp hits the adder.
The adder dies!
* * * LOW HITPOINT WARNING * * *
You feel sick.
Unknown command.
It was a potion of attraction.
You feel attractive to monsters.
It was a potion of haste.
You feel yourself speed up.
* * * LOW HITPOINT WARNING * * *
You feel sick.
It was a potion of curing.
You feel better.
Are you sure you want to abandon this character and quit the game? (Confirm with "yes".)

#.# .# #.# .# # #.#
.###. #.# .... # #.#
..# .##
#.######..#....
#............##
#..####........ #..#
#@5...... #..#
#5......! #..#
#..#..... #..#
#.....>..... ..
###..####..........
..
#......###...........
##...#.# .######.#.##
#...#.# .# #..... .
#...#.# #........ #


You could see a friendly crimson imp (summoned) and a friendly white imp
(summoned).

Vanquished Creatures
  A worm (D:2)
  A leopard gecko (D:1)
  2 bats
  A giant cockroach (D:1)
  2 goblins (D:1)
  A kobold (D:1)
  A frilled lizard (D:2)
  3 rats (D:1)
12 creatures vanquished.

Vanquished Creatures (collateral kills)
  2 adders (D:2)
  An ooze (D:1)
  A dart slug (D:1)
  A leopard gecko (D:1)
  3 bats
  A giant cockroach (D:2)
  3 goblins
  A hobgoblin (D:1)
  A frilled lizard (D:1)
  6 kobolds
  A rat (D:1)
21 creatures vanquished.

Grand Total: 33 creatures vanquished

Notes
Turn   | Place    | Note
-------+----------+-------------------------------------------
     0 | D:1      | graki42 the Deep Elf Summoner began the quest for the Orb.
     0 | D:1      | Reached XP level 1. HP: 10/10 MP: 6/6
   535 | D:1      | Reached XP level 2. HP: 10/15 MP: 4/8
   879 | D:1      | Learned a level 2 spell: Call Imp
  2472 | D:2      | Reached XP level 3. HP: 19/19 MP: 7/10
  2932 | D:2      | Quit the game

Illustrated notes

Levels and vault maps discovered:
D:1:      dpeg_arrival_round_a, layout_basic, chequers_serial_rivers_large_a
D:2:      layout_basic

Skill      XL: |  1  2 |
---------------+-------+-----
Stealth        | 3 |  3.2
Dodging        | 3 |  3.0
Fighting       | |  0.2
Short Blades   | |  0.6
Spellcasting   | |  3.6
Summonings     | |  4.7

Action                   || total
-------------------------++-------
Melee: Unarmed           ||    55
       Short sword       ||    46
       Whip              ||     2
       Dagger            ||    12
 Cast: Summon Small Mamm ||    24
       Call Imp          ||    14
  Use: Potion            ||     3
 Stab: Sleeping          ||     4
       Distracted        ||     1
Armor: Robe              ||    14
Dodge: Dodged            ||    81

Table legend: (Time is in decaauts)
 A = Elapsed time spent in this place.
 B = Non-inter-level travel time spent in this place.
 C = Inter-level travel time spent in this place.
 D = Time resting spent in this place.
 E = Time spent auto-exploring this place.
 F = Levels seen in this place.
 G = Mean time per level.
                   A        B        C        D        E       F      G
               +--------+--------+--------+--------+--------+-----+--------+
         Total |   2944 |   2929 |     15 |    690 |   1897 |   2 | 1472.0 |
       Dungeon |   2944 |   2929 |     15 |    690 |   1897 |   2 | 1472.0 |
               +--------+--------+--------+--------+--------+-----+--------+

Top non-repeatable levels by time:
     D:1: 2410 daAuts
     D:2: 534 daAuts
